Map: Bel'Shir Vestige LE (Void)

Players

Zanster - Winner!

  • Race: Zerg Zerg
  • Spawn Location: 5:00

Optimus

  • Race: Terran Terran
  • Spawn Location: 11:00

Event: WCS Austin 2017

VOD

Have the link to the VOD?

Description

Time

  • Played on: April 28, 2017, 5:33 p.m.
  • Length: 9:28

All games in this series

Show
View Real Time Build Order
Export as new Build Order

Zanster Zerg - Winner!

Build Orders: Hatch First 

Get SALT Encoding   

  12  0:00  Drone  
  13  0:12  Overlord  
  13  0:17  Drone  
  14  0:30  Drone x2  
  14  0:35  Drone  
  17  0:53  Hatchery  
  17  0:55  Drone  
  17  0:57  Drone  
  18  1:09  Extractor  
  17  1:12  Spawning Pool  
  17  1:15  Drone  
  17  1:18  Drone  
  18  1:28  Drone  
  19  1:39  Overlord  
  19  1:59  Queen, Zergling x2  
  19  2:00  Zergling x2  
  23  2:04  Queen  
  23  2:05  Zergling x2  
  26  2:08  Metabolic Boost  
  26  2:13  Drone  
  27  2:15  Drone  
  27  2:22  Drone  
  29  2:29  Drone  
  30  2:33  Drone  
  31  2:38  Drone  
  31  2:41  Queen  
  31  2:43  Drone  
  35  2:49  Pneumatized Carapace  
  35  2:50  Overlord  
  35  2:55  Drone  
  36  3:01  Overlord  
  36  3:10  Drone x5  
  40  3:17  Drone  
  40  3:18  Drone x2  
  43  3:23  Drone  
  44  3:28  Hatchery  
  43  3:34  Roach Warren  
  43  3:40  Zergling x4  
  44  3:42  Overlord  
  44  3:45  Drone x4  
  48  3:48  Extractor x2  
  48  3:49  Drone  
  48  3:53  Overlord  
  47  3:56  Drone x2  
  47  4:00  Overlord  
  49  4:07  Overlord  
  49  4:18  Roach x4  
  57  4:29  Roach x2  
  61  4:34  Roach  
  61  4:35  Roach x3  
  69  4:39  Overlord  
  69  4:47  Queen  
  69  4:49  Drone x5  
  69  4:50  Drone x2  
  78  4:55  Ravager x2  
  78  4:58  Overlord  
  80  5:00  Drone  
  80  5:03  Drone  
  80  5:05  Lair  
  82  5:08  Drone  
  82  5:12  Zergling x4  
  85  5:15  Drone  
  85  5:17  Drone  
  87  5:22  Drone x5  
  87  5:26  Overlord, Spore Crawler  
  87  5:27  Spore Crawler  
  87  5:28  Drone  
  91  5:30  Drone  
  92  5:37  Spore Crawler  
  92  5:41  Overlord  
  90  5:48  Drone x7  
  89  5:50  Drone  
  87  6:04  Drone x7, Evolution Chamber  
  86  6:06  Evolution Chamber  
  86  6:10  Drone x3  
  91  6:13  Queen  
  91  6:18  Ravager  
  85  6:24  Drone  
  85  6:25  Drone x3  
  72  6:28  Glial Reconstitution  
  72  6:34  Drone x6  
  72  6:35  Drone x2  
  72  6:37  Extractor  
  72  6:39  Extractor  
  78  6:40  Infestation Pit, Roach  
  78  6:41  Roach  
  78  6:44  Roach  
  81  6:48  Overseer  
  81  6:50  Roach x2  
  86  6:54  Roach  
  86  6:55  Zerg Ground Armor Level 1, Zerg Missile Weapons Level 1  
  86  7:01  Roach x4  
  94  7:03  Ravager x2  
  94  7:05  Overlord  
  93  7:08  Roach  
  93  7:09  Roach  
  93  7:10  Overlord  
  97  7:17  Roach  
  97  7:18  Roach x2, Zergling x2  
  98  7:28  Roach x4, Zergling x2  
  97  7:30  Queen x2  
  97  7:31  Queen  
  97  7:32  Roach  
  103  7:38  Extractor  
  103  7:42  Drone x3  
  105  7:46  Drone  
  106  7:53  Drone x2, Hatchery  
  106  7:57  Drone x2  
  109  8:01  Infestor x2  
  113  8:06  Drone, Queen  
  113  8:09  Infestor  
  117  8:20  Roach  
  117  8:21  Roach x5  
  119  8:28  Roach  
  119  8:29  Hatchery  
  119  8:30  Overlord  
  120  8:37  Roach x2  
  124  8:42  Ravager  
  124  8:45  Roach x2  
  129  8:49  Overlord  
  129  8:54  Overlord  
  129  8:55  Overlord  
  129  9:01  Overlord  
  129  9:02  Roach x2  
  133  9:03  Overlord  
  139  9:10  Zergling x6  
Show
View Real Time Build Order
Export as new Build Order

Optimus Terran 

Build Orders: Reaper Expand, Hellion Banshee, MMM Bio 

Get SALT Encoding   

  12  0:00  SCV  
  13  0:12  SCV  
  14  0:17  Supply Depot  
  14  0:25  SCV  
  14  0:27  Refinery  
  15  0:39  SCV  
  16  0:44  Barracks  
  16  0:51  SCV  
  17  1:03  SCV  
  18  1:15  SCV  
  19  1:30  Orbital Command  
  19  1:31  Reaper  
  20  1:42  Command Center  
  20  1:52  Factory  
  20  1:56  SCV  
  21  2:03  Supply Depot  
  21  2:07  Barracks Reactor  
  21  2:08  SCV  
  22  2:18  Refinery  
  22  2:20  SCV  
  23  2:33  SCV  
  24  2:43  Starport  
  24  2:45  SCV  
  24  2:48  Hellion x2  
  29  2:54  Orbital Command  
  29  2:56  Marine  
  29  2:57  SCV  
  31  3:09  SCV  
  31  3:10  Hellion x2  
  36  3:16  Barracks Tech Lab  
  36  3:20  Medivac  
  36  3:21  SCV  
  36  3:22  SCV  
  40  3:28  Supply Depot  
  40  3:33  SCV  
  41  3:38  Hellion x2  
  41  3:40  SCV  
  46  3:49  SCV  
  46  3:53  SCV  
  48  3:55  Supply Depot  
  48  3:58  Cloaking Field  
  48  3:59  Hellion  
  48  4:00  Hellion  
  53  4:10  Supply Depot  
  53  4:12  Supply Depot  
  53  4:15  SCV  
  53  4:16  SCV  
  54  4:17  Banshee  
  59  4:24  Hellion  
  59  4:25  Hellion  
  59  4:27  SCV  
  62  4:32  SCV  
  63  4:39  SCV  
  64  4:47  Command Center, SCV  
  65  4:53  Barracks Tech Lab  
  65  4:54  SCV  
  65  4:59  Raven, SCV  
  69  5:09  Barracks  
  69  5:10  Barracks  
  69  5:11  Stimpack  
  69  5:12  SCV x2  
  71  5:15  Factory Reactor  
  71  5:21  Engineering Bay, Marine  
  72  5:22  Engineering Bay  
  72  5:24  SCV x2  
  72  5:36  SCV x2  
  72  5:38  Marine  
  72  5:46  Banshee  
  72  5:48  SCV x2  
  73  5:53  Cyclone  
  73  5:55  Cyclone  
  73  5:56  Supply Depot, Marine  
  78  5:57  Supply Depot  
  78  5:59  Marine  
  78  6:00  Marine, SCV  
  78  6:01  SCV  
  73  6:12  SCV  
  73  6:13  SCV  
  73  6:14  Marine  
  65  6:25  SCV x2  
  62  6:31  Barracks Reactor  
  62  6:32  Marine  
  61  6:37  SCV  
  61  6:39  Factory Reactor  
  59  6:43  SCV  
  60  6:49  SCV  
  60  6:50  Marine x2  
  60  6:52  Medivac  
  65  6:55  SCV  
  65  6:59  Medivac  
  65  7:01  SCV  
  69  7:07  Marine  
  69  7:08  Marine x2  
  71  7:09  Marine  
  71  7:15  SCV  
  71  7:20  SCV  
  61  7:25  Marine  
  61  7:26  Medivac, Marine x3  
  58  7:36  SCV x2  
  54  7:37  Refinery  
  54  7:38  Refinery  
  56  7:50  Marauder, Marine x2  
  56  7:51  Marauder  
  60  7:52  SCV  
  60  7:55  Barracks  
  60  7:57  Barracks  
  61  8:02  Combat Shields  
  61  8:08  SCV x2  
  61  8:12  Marine x2  
  65  8:16  Marauder  
  65  8:20  SCV  
  65  8:25  Marauder  
  63  8:29  SCV  
  64  8:35  Cyclone  
  64  8:37  Marine x2  
  64  8:39  Concussive Shells  
  69  8:42  Marauder  
  69  8:43  Marine  
  69  8:44  Marine  
  73  8:49  SCV  
  74  9:00  Marine x2  
  74  9:01  Marine  
  81  9:04  Marauder x2  
  87  9:12  Supply Depot  
Tags
 
Add a new tag
Caveats
  • Supply blocks, unpowered buildings, or Contaminate may cause inaccurate times.
  • Supply counts are checked every 10 seconds.